 Dungeon Crawl Stone Soup version bcrawl-1.19.2-6-g6a88ae04c9 (webtiles) character file.

Game seed: 12960919224637816049

27 mahrnol the Caller (level 3, -2/19 HPs)
             Began as an Avariel Summoner on Dec 10, 2019.
             Slain by an ogre
             ... wielding a +0 giant club
              (21 damage)
             ... on level 2 of the Dungeon on Dec 16, 2019.
             The game lasted 00:07:21 (1787 turns).

mahrnol the Caller (Avariel Summoner)               Turns: 1787, Time: 00:07:21

Health: -2/19      AC:  3    Str:  6    XL:     3   Next: 10%
Magic:  9/9        EV: 12    Int: 21    God:
Gold:   86         SH:  0    Dex: 13    Spells: 2/8 levels left

rFire    . . .     SeeInvis .   h - +0 dagger
rCold    . . .     Gourm    .   (no shield)
rNeg     . . .     Faith    .   a - +0 robe
rPois    .         Spirit   .   (no helmet)
rElec    .         Reflect  .   (no cloak)
rCorr    .         Harm     .   b - +0 pair of gloves
MR       .....                  (no boots)
Stlth    ++........             (no amulet)
HPRegen  0.06/turn              (no ring)
MPRegen  0.11/turn              (no ring)

@: no status effects
A: no striking features
a: no special abilities


You were on level 2 of the Dungeon.
You were not hungry.

You visited 1 branch of the dungeon, and saw 2 of its levels.

You collected 86 gold pieces.

Inventory:

Hand Weapons
 h - a +0 dagger (weapon)
Missiles
 f - 202 sling bullets
 i - 158 arrows
 n - 146 poisoned needles
Armour
 a - a +0 robe (worn)
 b - a +0 pair of gloves (worn)
Scrolls
 c - a scroll of summoning
 g - 2 scrolls of identify {unknown}
 j - a scroll of enchant weapon {unknown}
 m - 2 scrolls of teleportation {unknown}
Potions
 e - a potion of degeneration {unknown}
 l - a potion of curing {unknown}
Comestibles
 d - a ration {!d}
 k - 2 chunks of flesh


   Skills:
 + Level 0.1 Short Blades
 + Level 2.3 Dodging
 + Level 2.3 Stealth
 + Level 3.3 Spellcasting
 + Level 5.5 Summonings


You had 2 spell levels left.
You knew the following spells:

 Your Spells              Type           Power        Failure   Level  Hunger
a - Summon Small Mammal   Summ           ####         1%          1    None
b - Call Imp              Summ           ####..       1%          2    ##.....
c - Call Canine Familiar  Summ           ####....     4%          3    ###....

Your spell library contained the following spells:

 Spells                   Type           Power        Failure   Level  Hunger
 Summon Ice Beast         Ice/Summ       ###.....     38%         4    ####...
 Summon Lightning Spire   Summ/Air       ###.....     75%         5    ######.


Dungeon Overview and Level Annotations

Branches:
Dungeon (2/12)

Altars:


Message History

k - 3 chunks of flesh
Things that are here:
a +0 club; a goblin skeleton Eating one of 3 chunks of flesh.
You eat one of the 3 chunks of flesh.
This raw flesh tastes terrible.
There is an open door here.
HP restored.
As you open the door, it creaks loudly!
There is an open door here.
You see here a +0 dagger.
There is a stone staircase leading down here.
You climb downwards. 2 worms, a kobold and an ogre come into view.
The kobold shouts!
The ogre shouts!
The ogre misses you.
Found 268 sling bullets.
There is a stone staircase leading up here.
The ogre hits you with a +0 giant club!!
Ouch! That really hurt!
You die...

#######
#.....O##
......K@#
.........#
..........#
.....(....#
...........
..........w.
.w...........
........##....


You could see an ogre, 2 worms and a kobold.

Vanquished Creatures
  2 leopard geckos (D:1)
  2 goblins (D:1)
  4 hobgoblins (D:1)
  2 kobolds (D:1)
  A frilled lizard (D:1)
  5 rats
16 creatures vanquished.

Vanquished Creatures (collateral kills)
  A dart slug (D:1)
  An orc (D:1)
  A giant cockroach (D:1)
  A goblin (D:2)
  2 hobgoblins
  2 bats (D:1)
  3 kobolds (D:1)
11 creatures vanquished.

Grand Total: 27 creatures vanquished

Notes
Turn   | Place    | Note
-------+----------+-------------------------------------------
     0 | D:1      | mahrnol the Avariel Summoner began the quest for the Orb.
     0 | D:1      | Reached XP level 1. HP: 10/10 MP: 6/6
    33 | D:1      | Upgraded the game from bcrawl-1.19.1 to
                  | bcrawl-1.19.2-6-g6a88ae04c9
    98 | D:1      | Reached skill level 5 in Summonings
   235 | D:1      | Reached XP level 2. HP: 13/15 MP: 1/7
   239 | D:1      | Learned a level 2 spell: Call Imp
  1384 | D:2      | Reached XP level 3. HP: 8/19 MP: 5/9
  1397 | D:2      | Learned a level 3 spell: Call Canine Familiar
  1786 | D:2      | Noticed an ogre
  1787 | D:2      | Slain by an ogre

Skill      XL: |  1  2 |
---------------+-------+-----
Summonings     | 5 |  5.5
Spellcasting   | 3 |  3.3
Short Blades   | |  0.1
Dodging        | |  2.3
Stealth        | |  2.3

Action                   || total
-------------------------++-------
Melee: Unarmed           ||    12
       Dagger            ||    87
 Cast: Summon Small Mamm ||    19
       Call Imp          ||     3
 Stab: Sleeping          ||     2
  Eat: Chunk             ||     3
Armor: Robe              ||    15
Dodge: Dodged            ||    52
